Mick, chaotic male orcish Convict ----------------------------------------------------- |........|.................................[.......... |...[....|............................................. ------------ -------|--................................................ |..(.......| |........}}}}}}}..................).}}}}}}}..........|..........| |......).}-----}....................}-----}..........--|--|--..(| ---........}| |}}}}}}}}}}}}}}}}}}}}}}| |}.......%..)......|.(.| |[.........}--- ------------------------ ---}..........)).....|...| |......)...}}}| |ho.oh.ohCG|}}}.................-...| -------[)........}| B |GCDooGT.o@|}.........).))......|...| |...)[|..........}| |.hokGkoTG.o}..........)..:....)|...| |..)..[[.......}}}| |oC..G.C.oh|}}}.............%...-...| |.....|........}--- ------------------------ ---}.................|...| |.....|))......}| |}}}}}}}}}}}}}}}}}}}}}}| @|}.................|...| |..-|----......}-----}....................}-----}..%.......--|--|--(..| |..|....|......}}}}}}}....................}}}}}}}..........|...(......| |.)|..^.|..........................%.......................|..........| -----------................................................------------ |....i.....o.............................. ----------------------------------------- Mick the Prisoner Experience level: 13 Strength: 18/05 Dexterity: 16 Constitution: 18 Intelligence: 11 Wisdom: 13 Charisma: 6 Health: 0(113) Energy: 48(48) AC: -17 Gold: 530 Moves: 27805 Your Inventory: Coins $ - 530 gold pieces Amulets J - an [uncursed] amulet of reflection (being worn) Weapons o - an uncursed [+0] silver saber named Werebane [Werebane] (alternate weapon; not wielded) K - the uncursed rustproof +0 Luck Blade (weapon in hand) Armor f - a blessed +1 orcish chain mail of stealth (being worn) m - a blessed +2 blue and green shield [elven] (being worn) w - a blessed +1 leather hat [elven leather helm] (being worn) A - an uncursed +0 cloak of protection (being worn) B - an uncursed burnt +0 pair of boots called WW? [water walking] (being worn) O - an uncursed +0 pair of leather gloves (being worn) Comestibles L - an uncursed lizard corpse Rings b - an uncursed ring called teleport control [of teleport control] (on right hand) c - an uncursed ring of polymorph control (on left hand) Wands i - an uncursed wand of sleep [0:3] k - an uncursed wand of digging [0:4] r - an uncursed wand of fire [0:7] t - an uncursed wand of magic missile [0:0] E - an uncursed wand of slow monster [0:0] G - an uncursed wand of sleep [0:5] R - an uncursed wand of striking [0:3] Tools d - an uncursed [+0] unicorn horn l - an uncursed skeleton key n - an uncursed towel C - a blessed [magic] lamp called magic (lit) F - a blessed bag called holdybag [of holding] V - an uncursed expensive camera [0:75] Contents of the bag of holding: an uncursed [+0 thirsty] knife [of telepathy] a blessed [+2] dagger [of searching] an uncursed [+0] dagger [of stealth] an uncursed [+0] flail [of stealth] an [uncursed +0] flail [of stealth] an uncursed [+0] knife [of fumbling] an [uncursed +0] knife [of telepathy] 2 uncursed [+0] knives [of warning] a blessed [+1] mummy wrapping an uncursed +0 pair of walking shoes [of drain resistance (low)] an uncursed [+0] pair of walking shoes [of fire resistance (low)] an [uncursed] C-ration 42 uncursed K-rations 6 uncursed cream pies 4 uncursed [stale] eggs 6 uncursed food rations 2 uncursed fortune cookies 2 uncursed lembas wafers an [uncursed] slime mold 4 uncursed tripe rations 2 uncursed scrolls called AQU 100 [of destroy armor] an uncursed scroll called HACK 100 [of confuse monster] a cursed scroll called HACK 100 [of confuse monster] a cursed scroll called KERN 100 [of gold detection] an uncursed scroll called NR 100 [of magic mapping] 3 uncursed scrolls called earth [of earth] 2 cursed scrolls called ench w [of enchant weapon] an [uncursed] scroll labeled ZLORFIK [of taming] an uncursed scroll of flood a cursed scroll of identify 4 uncursed scrolls of light an uncursed scroll of remove curse 2 uncursed scrolls of teleportation a blessed unlabeled scroll [of blank paper] 3 uncursed unlabeled scrolls [of blank paper] an [uncursed] black spellbook [of slow monster] 4 blessed clear potions [of holy water] an uncursed potion called fiz 100 [of restore ability] an uncursed potion called whi 100 [of hallucination] an uncursed potion of extra healing an uncursed potion of gain level 2 uncursed potions of healing an uncursed potion of levitation a cursed potion of levitation an uncursed potion of monster detection 4 blessed potions of object detection an uncursed potion of object detection a cursed potion of object detection an uncursed potion of speed a cursed potion of speed a cursed [-2] brass ring [of increase damage] an uncursed emerald ring [of protection from shape changers] a cursed [-2] ring called citr (c) 150 [of gain intelligence] an uncursed ring called silv 150 [of shock resistance] an uncursed ring called steel 100 [of warning] a cursed [-1] ring called wed 150 [of gain wisdom] a cursed ring of polymorph an uncursed ring of polymorph control an uncursed ring of slow digestion an uncursed wand of create monster [0:12] an uncursed wand of fire [0:5] an uncursed wand of fire [0:3] an uncursed wand of fire [0:0] an uncursed wand of light [0:15] an uncursed wand of light [0:11] an uncursed wand of light [0:15] a [cursed] wand of light [0:14] an uncursed wand of locking (0:5) an uncursed wand of magic missile [0:0] an uncursed wand of magic missile [0:5] a cursed wand of sleep [0:2] an uncursed wand of speed monster [0:5] an uncursed wand of speed monster [0:6] an uncursed wand of speed monster [0:7] an [uncursed] wand of striking [0:0] an uncursed [magic] flute [0:7] an uncursed +0 pick-axe of fire an [uncursed] amber stone an [uncursed] black gem [black opal] an uncursed luckstone a blessed touchstone Spells known in the end: Name Level Category Fail Memory a - detect treasure 4 divination 100% [|||.....] b - sleep 1 enchantment 100% [|||.....] c - remove curse 3 clerical 100% [|||.....] d - cause fear 3 enchantment 100% [|||.....] e - light 1 divination 100% [|||.....] f - cure blindness 2 healing 100% [|||.....] g - detect food 2 divination 100% [|||.....] h - force bolt 1 attack 100% [||||||||] Your skills at the end: Fighting Skills body armor [Skilled / Skilled] shield [Basic / Basic] Weapon Skills pick-axe [Expert / Expert] broadsword [Basic / Basic] sling [Basic / Skilled] Spellcasting Skills Final Attributes: You were piously aligned. Hunger level was 1045. Your alignment was 148 / 149. Monster difficulty range was 3 - 16. Level difficulty was 20. You resisted fire. You resisted cold. You resisted disintegration. You resisted electricity. You were immune to poison. You were immune to sickness. You were stunned. You were blinded. You were telepathic. You had infravision. You were invisible. You were stealthy. You could teleport. You had teleport control. You could walk on water. You were protected. You had polymorph control. You were fast. You had reflection. You were extremely lucky (13). You had extra luck. Bad luck did not time out for you. Good luck did not time out for you. You are dead. Vanquished creatures: an iron golem a gold dragon 2 guivres a lindworm a draken a skeleton 3 prison guards 7 inmates a lich a clay golem a lurker above 2 vampires 6 lieutenants 2 ghosts 2 winged gargoyles 4 giant mimics an ogre king 2 umber hulks a doppelganger 2 wumpuses a long worm an air elemental 4 earth elementals 2 water elementals a hill giant a giant mummy a black naga 3 xorns 8 sergeants a water demon 2 winter wolves 14 small mimics 3 glass piercers a rodent of unusual size a warhorse a xan an ettin mummy a giant turtle 2 gelatinous cubes 2 pyrolisks a large dog 2 freezing spheres 2 shocking spheres a large cat 3 tigers a dwarf king 2 tengu an ochre jelly 2 leocrottas a stone giant 2 elf mummies 2 human mummies a pit viper 2 wraiths 9 ettin zombies a leather golem 92 soldiers 8 watchmen a succubus 23 giant beetles 2 quivering blobs a cockatrice 9 wolves a winter wolf cub a panther 7 leprechauns 5 iron piercers 2 mumakil 11 giant spiders a scorpion a horse 4 black lights 3 vampire bats 3 gnome kings 2 orc mummies 3 dwarf mummies 4 brown puddings an owlbear 2 yetis a gold golem a werewolf 6 Green-elves 4 giant eels a lizard 3 dogs 2 dingos a housecat 3 jaguars a dwarf lord a blue jelly 3 gray unicorns 4 dust vortices 4 ravens 2 plains centaurs 2 Kop Kaptains 3 gnome mummies a snake 11 water moccasins 4 apes a human zombie a rope golem 4 Woodland-elves 14 soldier ants 5 fire ants a snow ant 2 bugbears 5 wood nymphs 5 water nymphs 8 mountain nymphs 2 Mordor orcs 4 Uruk-hai an orc shaman 4 rock piercers an enormous rat 2 rock moles 4 fog clouds 5 yellow lights 2 violet fungi 16 gnome lords 8 gnomish wizards 4 Kop Lieutenants 6 kobold mummies 3 guardian naga hatchlings 4 gray oozes 4 elf zombies 4 straw golems 2 paper golems a wax golem 12 giant ants 3 little dogs 8 floating eyes 2 kittens 22 dwarves a homunculus 2 kobold lords 11 rothes 2 rabid rats 2 centipedes a giant bat 2 Kop Sergeants 3 monkeys 3 orc zombies 6 dwarf zombies 2 wererats 4 muggers 10 iguanas 22 killer bees 3 acid blobs 5 coyotes 4 gas spores 6 hobbits 4 large kobolds 3 hobgoblins 10 giant rats 10 cave spiders a yellow mold 5 green molds 2 red molds 73 gnomes 9 Keystone Kops 11 garter snakes 6 gnome zombies 7 geckos 9 jackals 4 foxes 2 kobolds a goblin 2 sewer rats 2 grid bugs 8 bats 14 lichens 5 kobold zombies 14 newts 832 creatures vanquished. Voluntary challenges: You used a wielded weapon 1773 times. You read items or engraved 20 times. You put on armor 62 times. You never genocided any monsters. You polymorphed 1 item. You changed form 1 time. You used no wishes. You wrote Elbereth's name 1 time. You never encountered a bones level. You never used any Sokoban shortcuts. Dungeon overview: The Dungeons of Doom: levels 1 to 21 Level 1 a long staircase Level 2 (v) stairs to The Gnomish Mines Level 3 (v) an armor shop Level 4 a sink Level 5 many fountains Level 6 stairs to Sokoban Level 7 some fountains Level 8 stairs to Town Level 9 (v) an armor shop, an altar to Tymora, a fountain Level 10 a fountain, a sink Level 11 a general store Level 12 some altars, a fountain portal to The Quest Level 13 a fountain Level 14 (v) some fountains portal to Fort Ludios Level 15 a temple to Tymora, a fountain Level 17 a general store Level 19 a fountain Level 20 an altar to Tymora, a fountain The Gnomish Mines: levels 3 to 10 Level 3 stairs to The Dungeons of Doom Level 5 many shops, a temple to Tymora, a magic chest Level 10 some fountains The Quest: levels 1 to 6 Level 1 an altar to Tymora, a magic chest, a sink portal to The Dungeons of Doom Level 3 a general store, a sink Sokoban: levels 3 to 5 Level 5 a magic chest stairs to The Dungeons of Doom Town: levels 5 to 7 Level 5 many shops, some fountains, a sink Level 6 many fountains, many trees Level 7 stairs to The Dungeons of Doom Fort Ludios: Level 1 <- You were here a magic chest, a throne portal to The Dungeons of Doom History has recorded: On T:1 you entered the Dungeons of Doom to retrieve the Amulet of Yendor! On T:361 you reached level 2 of The Dungeons of Doom. On T:541 you advanced to experience level 2. On T:642 you reached level 1 of The Gnomish Mines. On T:646 you advanced to experience level 3. On T:803 you reached level 3 of The Dungeons of Doom. On T:909 you advanced to experience level 4. On T:983 you advanced to experience level 5. On T:1029 you reached level 4 of The Dungeons of Doom. On T:1327 you reached level 5 of The Dungeons of Doom. On T:1685 you reached level 6 of The Dungeons of Doom. On T:1812 you advanced to experience level 6. On T:2087 you reached level 3 of Sokoban. On T:2461 you advanced to experience level 7. On T:3050 you reached level 2 of Sokoban. On T:4034 you reached level 1 of Sokoban. On T:4457 you advanced to experience level 8. On T:6890 you reached level 2 of The Gnomish Mines. On T:7404 you advanced to experience level 9. On T:7425 you reached level 3 of The Gnomish Mines. On T:7627 you received Luck Blade from Tymora. On T:9194 you reached level 4 of The Gnomish Mines. On T:9199 you reached level 5 of The Gnomish Mines. On T:9919 you advanced to experience level 10. On T:10948 you reached level 6 of The Gnomish Mines. On T:11603 you reached level 7 of The Gnomish Mines. On T:11890 you reached level 8 of The Gnomish Mines. On T:14473 you advanced to experience level 11. On T:15557 you reached level 7 of The Dungeons of Doom. On T:15807 you reached level 8 of The Dungeons of Doom. On T:15952 you reached level 3 of Town. On T:16144 you reached level 2 of Town. On T:16708 you reached level 1 of Town. On T:18019 you reached level 9 of The Dungeons of Doom. On T:18053 you reached level 10 of The Dungeons of Doom. On T:18728 you received a rustproof thirsty broad pick from Tymora. On T:19005 you reached level 11 of The Dungeons of Doom. On T:19685 you reached level 12 of The Dungeons of Doom. On T:19881 you reached level 1 of The Quest. On T:20909 you reached level 13 of The Dungeons of Doom. On T:21018 you reached level 14 of The Dungeons of Doom. On T:21216 you reached level 15 of The Dungeons of Doom. On T:21613 you reached level 16 of The Dungeons of Doom. On T:21745 you reached level 17 of The Dungeons of Doom. On T:21858 you reached level 18 of The Dungeons of Doom. On T:22299 you advanced to experience level 12. On T:22737 you reached level 19 of The Dungeons of Doom. On T:22788 you reached level 20 of The Dungeons of Doom. On T:23056 you reached level 21 of The Dungeons of Doom. On T:23325 you received Werebane from Tymora. On T:23496 you embarked upon an epic quest. On T:24038 you reached level 2 of The Quest. On T:24279 you reached level 3 of The Quest. On T:24913 you reached level 4 of The Quest. On T:24954 you reached level 5 of The Quest. On T:25211 you reached level 6 of The Quest. On T:26231 you reached Fort Knox. On T:26556 you advanced to experience level 13. Latest messages: (Use m-direction to move there anyway.) You move right into the bugbear. Croesus just misses! [HP+4=37] You move right into Croesus. You hear a mumbled curse. The bugbear misses. You hear a nearby zap. The wand hits the gnome lord! The wand hits the orc shaman! The wand misses you. Croesus hits! [HP-31=6] You begin praying to Tymora. You hear a nearby zap. The magic missile hits the gnome lord! The magic missile hits you! For some reason you are not affected. The bugbear misses. Croesus hits! You die... Final status: Goodbye Mick the Convict... You died in Fort Ludios with 5641 points, and 530 pieces of gold, after 27805 moves. You were level 13 with a maximum of 113 hit points when you died.